 Dungeon Crawl Stone Soup version 0.26-a0-451-gacbe401039 (webtiles) character file.

Game seed: 14916944630298755498

6 JamesBald the Conjurer (level 2, 0/19 HPs)
             Began as a Human Conjurer on July 28, 2020.
             Slain by a leopard gecko (4 damage)
             ... on level 1 of the Dungeon.
             The game lasted 00:01:44 (203 turns).

JamesBald the Conjurer (Human Conjurer)              Turns: 203, Time: 00:01:46

Health: 0/19       AC:  2    Str:  7    XL:     2   Next: 0%
Magic:  0/5        EV: 12    Int: 18    God:
Gold:   11         SH:  0    Dex: 11    Spells: 4/5 levels left

rFire    . . .     SeeInvis .   (no weapon)
rCold    . . .     Faith    .   (no shield)
rNeg     . . .     Spirit   .   a - +0 robe
rPois    .         Reflect  .   (no helmet)
rElec    .         Harm     .   (no cloak)
rCorr    .                      (no gloves)
MR       .....                  (no boots)
Stlth    ++........             (no amulet)
HPRegen  0.06/turn              (no ring)
MPRegen  0.09/turn              (no ring)

@: no status effects
A: no striking features
a: no special abilities


You were on level 1 of the Dungeon.
You visited 1 branch of the dungeon, and saw 1 of its levels.

You collected 11 gold pieces.

Inventory:

Armour
 a - a +0 robe (worn)
 c - a +0 robe
Scrolls
 b - a scroll of identify {unknown}


   Skills:
 + Level 2.0 Dodging
 + Level 2.0 Stealth
 + Level 2.0 Spellcasting
 + Level 4.2 Conjurations


You had 4 spell levels left.
You knew the following spells:

 Your Spells              Type           Power        Failure   Level
a - Magic Dart            Conj           ###.         3%          1

Your spell library contained the following spells:

 Spells                   Type           Power        Failure   Level
 Searing Ray              Conj           ###...       4%          2
 Dazzling Flash           Conj/Hex       #.....       22%         3
 Fulminant Prism          Conj/Hex       #.........   58%         4
 Iskenderun's Mystic Bla  Conj/Tloc      #.......     58%         4


Dungeon Overview and Level Annotations

Branches:
Dungeon (1/15)

Altars:
Elyvilon


Message History

The hobgoblin is severely wounded.
The hobgoblin hits you but does no damage.
Why would you want to do that?
Unknown command.
You closely miss the hobgoblin.
The hobgoblin is severely wounded.
The hobgoblin hits you with a +0 club.
* * * LOW HITPOINT WARNING * * *
You hit the hobgoblin.
You kill the hobgoblin!
You have reached level 2!
Casting: Magic Dart (safe; 3% risk of failure)
Confirm with . or Enter, or press ? or * to list all spells.
Aiming: Magic Dart (safe; 3% risk of failure)
Press: ? - help, Shift-Dir - straight line, f - leopard gecko
Aim: a leopard gecko The magic dart hits the leopard gecko.
The leopard gecko is moderately wounded.
The leopard gecko bites you.
You die...

#.# #.# #.# #.. #.#
####.###.### #.#
##≈≈≈≈≈≈≈≈≈≈#.# #.#
##≈≈≈≈≈≈≈≈≈≈≈≈.# #.#####
#≈≈≈≈≈≈≈≈≈≈≈≈≈≈## ##.....#
≈≈≈8≈≈≈≈≈≈≈≈8≈≈≈######..###.#
≈≈≈≈≈≈≈≈≈≈≈≈≈≈≈≈@lg.....# #.#
≈≈≈≈...≈≈≈≈≈≈≈≈≈######..# #g#
.≈≈.≈≈≈.≈≈≈≈≈≈≈≈# #..# #l#
≈..≈≈≈≈.>≈≈≈≈≈≈≈# #..# #†#
≈≈≈≈≈≈≈<.≈≈≈≈..≈# #..# #.#
≈≈≈≈≈≈≈≈.≈≈≈.≈≈.######..###.#
≈≈≈≈≈≈≈≈≈...≈≈≈≈..†.........#
≈≈≈≈≈≈≈≈≈≈≈≈≈≈≈≈######..#####
≈≈≈8≈≈≈≈≈≈≈≈8≈≈≈# #..#


You could see a leopard gecko and a goblin.

Vanquished Creatures
  2 bats (D:1)
  A goblin (D:1)
  A hobgoblin (D:1)
  A frilled lizard (D:1)
5 creatures vanquished.

Notes
Turn   | Place    | Note
-------+----------+-------------------------------------------
     0 | D:1      | JamesBald the Human Conjurer began the quest for the Orb.
     0 | D:1      | Reached XP level 1. HP: 13/13 MP: 3/3
   128 | D:1      | Found a white marble altar of Elyvilon.
   202 | D:1      | Reached XP level 2. HP: 4/19 MP: 1/5
   203 | D:1      | Slain by a leopard gecko

Illustrated notes

Levels and vault maps discovered:
D:1:      nzn_arrival_water_spiral, layout_loops_ring, minmay_hexomino_r4

Action                   || total
-------------------------++-------
Melee: Unarmed           ||     3
 Cast: Magic Dart        ||    14
Armor: Robe              ||    19
Dodge: Dodged            ||    36

Table legend: (Time is in decaauts)
 A = Elapsed time spent in this place.
 B = Non-inter-level travel time spent in this place.
 C = Inter-level travel time spent in this place.
 D = Time resting spent in this place.
 E = Time spent auto-exploring this place.
 F = Levels seen in this place.
 G = Mean time per level.
                   A        B        C        D        E       F      G
               +--------+--------+--------+--------+--------+-----+--------+
         Total |    203 |    203 |      0 |      0 |     41 |   1 |  203.0 |
       Dungeon |    203 |    203 |      0 |      0 |     41 |   1 |  203.0 |
               +--------+--------+--------+--------+--------+-----+--------+

Top non-repeatable levels by time:
     D:1: 203 daAuts
